 Dungeon Crawl Stone Soup version 0.27-a0-1579-g97d2440184 (webtiles) character file.

Game seed: 13312761845096502567

81 flotson the Sneak (level 4, -3/36 HPs)
             Began as a Demonspawn Delver on July 17, 2021.
             Slain by Sigmund (13 damage)
             ... on level 2 of the Dungeon.
             The game lasted 00:03:17 (2279 turns).

flotson the Sneak (Demonspawn Delver)               Turns: 2279, Time: 00:03:18

Health: -3/36      AC:  9    Str: 13    XL:     4   Next: 19%
Magic:  4/4        EV: 11    Int: 11    God:
Gold:   84         SH:  0    Dex: 15    Spells: 3/3 levels left

rFire    + . .     SeeInvis .   r - +1 whip (venom)
rCold    . . .     Faith    .   (no shield)
rNeg     . . .     Spirit   .   k - +0 ring mail
rPois    .         Reflect  .   o - +0 helmet
rElec    .         Harm     .   (no cloak)
rCorr    .         Rampage  .   (no gloves)
Will     .....                  (no boots)
Stlth    ++........             (no amulet)
HPRegen  0.12/turn              h - ring of flight
MPRegen  0.09/turn              q - ring of protection from fire

@: flying
A: slimy green scales 2
a: no special abilities


You were on level 2 of the Dungeon.
You visited 1 branch of the dungeon, and saw 5 of its levels.

You collected 84 gold pieces.

Inventory:

Hand Weapons
 a - a +0 hand axe
 j - a +2 whip of freezing
 r - a +1 whip of venom (weapon)
Armour
 k - a +0 ring mail (worn)
 o - a +0 helmet (worn)
Jewellery
 h - a ring of flight (left hand)
 q - a ring of protection from fire (right hand)
Wands
 g - a wand of digging (3)
Scrolls
 b - 3 scrolls of identify {unknown}
 c - 2 scrolls of fog
 d - a scroll of magic mapping
 e - a scroll of fear
 l - a scroll of immolation {unknown}
 m - a scroll of enchant weapon {unknown}
 n - a scroll of amnesia {unknown}
 p - a scroll of teleportation {unknown}
Potions
 f - a potion of heal wounds {unknown}
 i - 2 potions of degeneration {unknown}


   Skills:
 + Level 3.6 Fighting
 + Level 2.5 Axes
 + Level 1.5 Armour
 + Level 2.5 Dodging
 - Level 4.5 Stealth


You had 3 spell levels left.
You didn't know any spells.
Your spell library contained the following spells:

 Spells                   Type           Power      Damage    Failure   Level
 Conjure Flame            Conj/Fire      0%         6-21      92%         3
 Ignite Poison            Fire/Tmut/Pois 0%         N/A       92%         3
 Sticky Flame             Conj/Fire      0%         2d3       100%        4


Dungeon Overview and Level Annotations

Branches:
Dungeon (5/15)
 Temple: D:4-7

Altars:

Shops:
D:1 (

Annotations:
D:2 Sigmund


Innate Abilities, Weirdness & Mutations

You are mostly covered in slimy green scales. (AC +3)


Message History

No target in view!
No target in view!
No target in view!
f - a brown potion You reach down and open the door.
Found a stone staircase leading down.
There is an open door here.
There is an open door here.
There is an open door here.
Things that are here:
a +0 dagger; a goblin corpse
Found 10 gold pieces.
You now have 84 gold pieces (gained 10).
The helpless Sigmund fails to defend himself.
You hit Sigmund. You freeze Sigmund.
Sigmund is moderately wounded.
Sigmund closely misses you. Sigmund closely misses you.
You see here a +1 whip of venom.
Your +2 whip of freezing stops glowing.
Your +1 whip of venom begins to drip with poison!
r - a +1 whip of venom (weapon)
You closely miss Sigmund.
Sigmund is moderately wounded.
Sigmund hits you with a +3 scythe.
You hit Sigmund.
Sigmund is poisoned.
Sigmund is moderately wounded.
Sigmund closely misses you.
You barely miss Sigmund.
Sigmund is moderately wounded.
Sigmund gestures wildly while chanting.
Sigmund flickers and vanishes!
Deactivating autopickup; reactivate with Ctrl-A.
No target in view!
No target in view!
You hit something. Something hits you!
You hit something. Something hits you!
* * * LOW HITPOINT WARNING * * *
Something hits you!
You die...

##.###.# ##'## #.#
.......# #.# #.#
##.##.## #.# #.#
##.##.# ##.# #.#
##.##.##
##..>##########.#
##.....#
#...............#
#####..#
##...#.########## #
#..#######.#..{#
#####.#.........@#.#
.......#######.#...#
######## #.##### #.
#. #########
#.##########
#.......#
#.#........#
#.#####.#
#.#.######.#
###.#####.# #.#.#
####.#####


There were no monsters in sight!

Vanquished Creatures
  An adder (D:2)
  4 dart slugs
  7 bats
  5 endoplasms
  6 giant cockroaches
  4 goblins
  7 hobgoblins
  3 jackals (D:1)
  3 quokkas (D:1)
  6 ball pythons
  A frilled lizard (D:2)
  5 kobolds
  2 rats (D:1)
54 creatures vanquished.

Notes
Turn   | Place    | Note
-------+----------+-------------------------------------------
     0 | D:5      | flotson the Demonspawn Delver began the quest for the Orb.
     0 | D:5      | Reached XP level 1. HP: 18/18 MP: 1/1
    10 | D:5      | Noticed a necrophage
    18 | D:5      | Noticed a water moccasin
   715 | D:2      | Gained mutation: You are partially covered in slimy green
                  | scales. (AC +2) [demonic ancestry]
   715 | D:2      | Reached XP level 2. HP: 24/24 MP: 2/2
   979 | D:1      | Reached skill level 1 in Armour
  1062 | D:1      | Gained mutation: You are mostly covered in slimy green
                  | scales. (AC +3) [demonic ancestry]
  1062 | D:1      | Reached XP level 3. HP: 26/29 MP: 3/3
  1265 | D:1      | Found Yfoty's Weapon Shoppe.
  1911 | D:2      | Reached XP level 4. HP: 26/35 MP: 4/4
  2111 | D:2      | Noticed Sigmund
  2279 | D:2      | Slain by Sigmund

Illustrated notes

Levels and vault maps discovered:
D:1:      minmay_arrival_split_and_join, layout_rooms, serial_shops,
          nicolae_square_shop
D:2:      layout_loops_corners, ebering_ecumenical_altar_sacrificial,
          minmay_close_crescents, uniq_sigmund
D:3:      layout_basic
D:4:      layout_loops_cross, gammafunk_temple_overflow_forgotten,
          uniq_menkaure, uniq_grinder
D:5:      layout_cave_pools, slow_altar_1, minmay_misc_feat_rugged

Skill      XL: |  1  2 |
---------------+-------+-----
Axes           | 2 |  2.5
Dodging        | 2 |  2.5
Armour         | 1 |  1.5
Fighting       | |  3.6
Stealth        | |  4.5

Action                   |  1- 3 |  4- 6 || total
-------------------------+-------+-------++-------
Melee: Hand axe          |    44 |       ||    44
       Whip              |   117 |    13 ||   130
  Use: Potion            |     1 |       ||     1
 Stab: Sleeping          |    11 |     1 ||    12
Armor: Leather armour    |    29 |       ||    29
       Ring mail         |    42 |     3 ||    45
Dodge: Dodged            |   103 |     6 ||   109

Table legend: (Time is in decaauts)
 A = Elapsed time spent in this place.
 B = Non-inter-level travel time spent in this place.
 C = Inter-level travel time spent in this place.
 D = Time resting spent in this place.
 E = Time spent auto-exploring this place.
 F = Levels seen in this place.
 G = Mean time per level.
                   A        B        C        D        E       F      G
               +--------+--------+--------+--------+--------+-----+--------+
         Total |   2270 |   2247 |     23 |    372 |   1364 |   5 |  454.0 |
       Dungeon |   2270 |   2247 |     23 |    372 |   1364 |   5 |  454.0 |
               +--------+--------+--------+--------+--------+-----+--------+

Top non-repeatable levels by time:
     D:1: 933 daAuts
     D:2: 742 daAuts
     D:4: 297 daAuts
     D:3: 273 daAuts
     D:5: 23 daAuts
